WCHLSIM.com - West Coast Hockey League
html PUBLIC "-//W3C//DTD XHTML 1.0 Transitional//EN" "http://www.w3.org/TR/xhtml1/DTD/xhtml1-transitional.dtd"> WCHL - Game 752 - ANAHEIM OUTLAWS vs KELOWNA ROCKETS

ANAHEIM OUTLAWS vs KELOWNA ROCKETS

Created - 28 janvier 2024 at 08:05

Goals
1 2 3 T
ANAHEIM OUTLAWS 2 1 0 3
KELOWNA ROCKETS 2 0 2 4
Shots
1 2 3 T
ANAHEIM OUTLAWS 8 7 5 20
KELOWNA ROCKETS 13 9 11 33

1st period

1. ANAHEIM OUTLAWS , Kent Johnson 6 (Morgan Rielly 24, Noah Hanifin 29) at 4:18
2. KELOWNA ROCKETS , Valeri Nichushkin 11 (Auston Matthews 25, Adam Fox 42) at 8:42
3. KELOWNA ROCKETS , Mark Giordano 2 (Vladimir Tarasenko 24, J.T. Compher 32) at 9:29
4. ANAHEIM OUTLAWS , Rasmus Ristolainen 4 (Michael Rasmussen 6, Jeff Skinner 20) at 13:34

Penalties :
Noah Hanifin (ANA) for Hooking (Minor) at 15:56

2nd period

5. ANAHEIM OUTLAWS , Adrian Kempe 15 (Jacob Trouba 18, Carter Verhaeghe 16) at 3:25

Penalties :
Carter Verhaeghe (ANA) for Hooking (Minor) at 9:36, Rasmus Ristolainen (ANA) for Hooking (Minor) at 17:08

3rd period

6. KELOWNA ROCKETS , Pavel Buchnevich 13 (Auston Matthews 26, Valeri Nichushkin 20) at 7:31
7. KELOWNA ROCKETS , Adam Fox 7 (Auston Matthews 27, Pavel Buchnevich 21) at 8:51 (PP)

Penalties :
Jacob Trouba (ANA) for Tripping (Minor) at 8:23, Dmitri Orlov (KEL) for Interference (Minor) at 18:17

Goalie Stats

Jacob Markstrom (ANA), 29 saves from 33 shots - (0,879), L, 22-20-5, 59:00 minutes
Alex Stalock (KEL), 17 saves from 20 shots - (0,850), W, 15-8-1, 60:00 minutes

Players Stats for ANAHEIM OUTLAWS

Player Name              G  A  P  +/- PIM S  H  SB GA TA FO     MP     PP MP  PK MP  
------------------------------------------------------------------------------------
Adrian Kempe             1  0  1   1  0   2  1  1  0  0  2/14   15:00   0:00   0:00 
Carter Verhaeghe         0  1  1   1  2   2  0  0  0  0  1/1    14:59   0:00   0:00 
David Gustafsson         0  0  0   0  0   0  0  0  0  0  0/0     7:45   0:00   0:00 
Evgeny Kuznetsov         0  0  0   0  0   2  0  0  0  0  2/2    22:07   0:47   3:56 
Henri Jokiharju          0  0  0  -1  0   0  1  3  0  0  0/0    20:16   0:55   3:29 
Ian Mitchell             0  0  0   0  0   1  2  0  0  0  0/0    16:11   0:00   0:00 
Jack Quinn               0  0  0  -1  0   0  0  0  0  0  0/2    11:44   0:00   0:00 
Jacob Trouba             0  1  1   0  2   0  1  1  0  0  0/0    22:40   0:47   4:17 
Jeff Skinner             0  1  1   0  0   5  1  0  0  0  3/6    20:48   0:55   2:29 
Kent Johnson             1  0  1  -1  0   2  0  0  0  0  2/6    16:35   0:55   3:56 
Kevin Fiala              0  0  0   0  0   1  0  0  0  0  2/10    8:40   0:55   0:00 
Michael Bunting          0  0  0   1  0   1  6  0  0  0  0/0    18:16   0:47   2:29 
Michael Rasmussen        0  1  1   0  0   1  0  0  0  0  11/21  18:11   0:47   0:00 
Morgan Rielly            0  1  1   1  0   0  0  3  0  0  0/0    23:33   0:47   2:56 
Noah Hanifin             0  1  1   0  2   0  0  0  0  0  0/0    21:07   0:55   2:08 
Pierre Engvall           0  0  0   0  0   0  0  0  0  0  0/1     7:45   0:00   0:00 
Pius Suter               0  0  0  -1  0   1  1  1  0  0  4/8    11:44   0:00   0:00 
Rasmus Ristolainen       1  0  1   0  2   2  2  1  0  0  0/0    16:10   0:00   0:00 

Players Stats for KELOWNA ROCKETS

Player Name              G  A  P  +/- PIM S  H  SB GA TA FO     MP     PP MP  PK MP  
------------------------------------------------------------------------------------
Adam Fox                 1  1  2   0  0   3  0  1  0  0  0/0    23:10   3:34   0:43 
Anthony DeAngelo         0  0  0   0  0   3  1  0  0  0  0/0    21:47   2:51   0:38 
Auston Matthews          0  3  3   1  0   3  1  1  0  0  12/22  19:53   3:19   0:25 
Calle Jarnkrok           0  0  0   0  0   1  2  0  0  0  2/2    20:51   3:06   0:32 
Carson Meyer             0  0  0  -1  0   0  0  0  0  0  0/0     6:56   0:00   0:00 
Derek Ryan               0  0  0   0  0   0  0  0  0  0  9/15   11:38   0:00   0:03 
Dmitri Orlov             0  0  0   0  2   2  0  4  0  0  0/0    24:15   3:34   0:00 
Erik Brannstrom          0  0  0   0  0   0  2  0  0  0  0/0    16:33   2:51   0:49 
J.T. Compher             0  1  1   0  0   5  1  0  0  0  17/20  21:01   3:06   0:42 
Kyle Burroughs           0  0  0   0  0   1  2  2  0  0  0/0    13:56   0:00   1:03 
Lukas Sedlak             0  0  0  -1  0   0  0  0  0  0  1/1     6:56   0:00   0:00 
Mark Giordano            1  0  1   0  0   1  1  2  0  0  0/0    20:18   0:00   0:11 
Noah Gregor              0  0  0  -1  0   0  0  0  0  0  3/6     6:56   0:00   0:00 
Parker Kelly             0  0  0   0  0   1  3  0  0  0  0/1    11:52   0:00   0:17 
Pavel Buchnevich         1  1  2   1  0   3  1  0  0  0  0/0    19:53   3:19   0:25 
Pavel Dorofeyev          0  0  0   0  0   2  0  0  0  0  0/1    12:20   0:45   0:00 
Valeri Nichushkin        1  1  2   1  0   4  0  0  0  0  0/2    18:58   2:21   0:28 
Vladimir Tarasenko       0  1  1   0  0   4  0  0  0  0  0/1    21:04   3:19   0:32 

3 Stars

1 - Auston Matthews (KEL)
2 - Pavel Buchnevich (KEL)
3 - Valeri Nichushkin (KEL)

Power Play

ANAHEIM OUTLAWS - 0 on 1 Attempt(s) - 0,00%
KELOWNA ROCKETS - 1 on 4 Attempt(s) - 25,00%

Penalty Kill

ANAHEIM OUTLAWS - 3 on 4 Attempt(s) - 75,00% - Score 0 goal in Penalty Kill
KELOWNA ROCKETS - 1 on 1 Attempt(s) - 100,00% - Score 0 goal in Penalty Kill

Team Stat

ANAHEIM OUTLAWS - Hits : 15 - Faceoff Wins : 27 - Blocked Shots : 10 - Penalty Minutes : 8
KELOWNA ROCKETS - Hits : 14 - Faceoff Wins : 44 - Blocked Shots : 10 - Penalty Minutes : 2

Official

Referees : Kenny Anderson and Dean Morton
Linesman : Jonny Murray and Steven Berry

Game Notes

No Game Note

Finance

Level 1 -- Attendance: 6600 (100,00%) -- Ticket Income 818 400 $
Level 2 -- Attendance: 5600 (100,00%) -- Ticket Income 526 400 $
Level 3 -- Attendance: 3110 (97,19%) -- Ticket Income 199 040 $
Level 4 -- Attendance: 5173 (92,38%) -- Ticket Income 279 342 $
Luxury Box -- Attendance: 1000 (100,00%) -- Ticket Income 259 000 $
Game was played at the Cherepanov Coliseum.
Total Attendance: 21483 (97,65%)
Total Ticket Income: 2 082 182 $
Other Expense: 20 822 $
Total Income: 2 061 360 $

ANAHEIM OUTLAWS

5 vs 5 Forward 
   Center                   Left Wing                Right Wing               Time % Phy DF OF 
 1 Michael Rasmussen        Jeff Skinner             Evgeny Kuznetsov         36     1   2  2  
 2 Adrian Kempe             Michael Bunting          Carter Verhaeghe         31     1   2  2  
 3 Pius Suter               Kent Johnson             Jack Quinn               23     1   2  2  
 4 Kevin Fiala              Pierre Engvall           David Gustafsson         10     1   2  2  

5 vs 5 Defense 
   Defense                  Defense                                           Time % Phy DF OF 
 1 Jacob Trouba             Morgan Rielly                                     36     1   2  2  
 2 Noah Hanifin             Henri Jokiharju                                   31     1   2  2  
 3 Rasmus Ristolainen       Ian Mitchell                                      23     1   2  2  
 4 Noah Hanifin             Morgan Rielly                                     10     1   2  2  

PowerPlay Forward 
   Center                   Left Wing                Right Wing               Time % Phy DF OF 
 1 Kevin Fiala              Jeff Skinner             Kent Johnson             55     1   2  2  
 2 Michael Rasmussen        Michael Bunting          Evgeny Kuznetsov         45     1   2  2  

PowerPlay Defense
   Defense                  Defense                                           Time % Phy DF OF 
 1 Jacob Trouba             Morgan Rielly                                     55     1   2  2  
 2 Noah Hanifin             Henri Jokiharju                                   45     1   2  2  

Penalty Kill 4 Players Forward 
   Center                   Wing                     Time % Phy DF OF 
 1 Kent Johnson             Evgeny Kuznetsov         55     1   2  2  
 2 Jeff Skinner             Michael Bunting          45     1   2  2  

Penalty Kill 4 Players Defense
   Defense                  Defense                  Time % Phy DF OF 
 1 Jacob Trouba             Morgan Rielly            55     1   2  2  
 2 Noah Hanifin             Henri Jokiharju          45     1   2  2  

Penalty Kill - 3 Players Forward 
   Forward                                           Time % Phy DF OF 
 1 Kent Johnson                                      55     1   2  2  
 2 Michael Bunting                                   45     1   2  2  

Penalty Kill - 3 Players Defense
   Defense                  Defense                  Time % Phy DF OF 
 1 Rasmus Ristolainen       Jacob Trouba             55     1   2  2  
 2 Noah Hanifin             Henri Jokiharju          45     1   2  2  

4 vs 4 Forward 
   Center                   Wing                     Time % Phy DF OF 
 1 Jeff Skinner             Evgeny Kuznetsov         55     1   2  2  
 2 Kent Johnson             Michael Bunting          45     1   2  2  

4 vs 4 Defense
   Defense                  Defense                  Time % Phy DF OF 
 1 Jacob Trouba             Morgan Rielly            55     1   2  2  
 2 Noah Hanifin             Henri Jokiharju          45     1   2  2  

Last Minutes Offensive
   Center                   Left Wing                Right Wing               Defense                  Defense                  
   Michael Rasmussen        Evgeny Kuznetsov         Jeff Skinner             Jacob Trouba             Morgan Rielly            

Last Minutes Defensive
   Center                   Left Wing                Right Wing               Defense                  Defense                  
   Michael Rasmussen        Evgeny Kuznetsov         Jeff Skinner             Jacob Trouba             Morgan Rielly            

Goaltenders
Starting : Jacob Markstrom          
Backup : Mackenzie Blackwood      

Extra Forwards
Normal : Jeff Skinner, Michael Bunting, Kent Johnson - PP : Michael Bunting, Kent Johnson - PK : Kent Johnson
Extra Defensemen
Normal : Jacob Trouba, Noah Hanifin, Henri Jokiharju - PP : Noah Hanifin - PK : Noah Hanifin, Henri Jokiharju
Penalty Shots
Kent Johnson, Kevin Fiala, Evgeny Kuznetsov, Michael Bunting, Jeff Skinner
Custom OT Lines Forwards
Kevin Fiala, Evgeny Kuznetsov, Jeff Skinner, Michael Bunting, Adrian Kempe, Carter Verhaeghe, David Gustafsson, Pierre Engvall, Kent Johnson, Jack Quinn
Custom OT Lines Defensemen
Rasmus Ristolainen, Morgan Rielly, Noah Hanifin, Henri Jokiharju, Jacob Trouba

Scratches
Joey Anderson (Healthy), Victor Soderstrom (Healthy)

KELOWNA ROCKETS

5 vs 5 Forward 
   Center                   Left Wing                Right Wing               Time % Phy DF OF 
 1 Auston Matthews          Pavel Buchnevich         Valeri Nichushkin        36     0   2  3  
 2 J.T. Compher             Calle Jarnkrok           Vladimir Tarasenko       36     0   2  3  
 3 Derek Ryan               Parker Kelly             Pavel Dorofeyev          28     0   4  1  
 4 Noah Gregor              Lukas Sedlak             Carson Meyer             0      0   3  2  

5 vs 5 Defense 
   Defense                  Defense                                           Time % Phy DF OF 
 1 Adam Fox                 Dmitri Orlov                                      37     0   4  1  
 2 Mark Giordano            Anthony DeAngelo                                  35     0   4  1  
 3 Erik Brannstrom          Kyle Burroughs                                    28     0   4  1  
 4 Dmitri Orlov             Mark Giordano                                     0      0   3  2  

PowerPlay Forward 
   Center                   Left Wing                Right Wing               Time % Phy DF OF 
 1 Auston Matthews          Pavel Buchnevich         Vladimir Tarasenko       65     0   0  5  
 2 J.T. Compher             Calle Jarnkrok           Valeri Nichushkin        35     0   0  5  

PowerPlay Defense
   Defense                  Defense                                           Time % Phy DF OF 
 1 Adam Fox                 Dmitri Orlov                                      65     0   1  4  
 2 Anthony DeAngelo         Erik Brannstrom                                   35     0   1  4  

Penalty Kill 4 Players Forward 
   Center                   Wing                     Time % Phy DF OF 
 1 J.T. Compher             Valeri Nichushkin        50     0   5  0  
 2 Auston Matthews          Pavel Buchnevich         50     0   5  0  

Penalty Kill 4 Players Defense
   Defense                  Defense                  Time % Phy DF OF 
 1 Adam Fox                 Mark Giordano            55     0   5  0  
 2 Dmitri Orlov             Anthony DeAngelo         45     0   5  0  

Penalty Kill - 3 Players Forward 
   Forward                                           Time % Phy DF OF 
 1 J.T. Compher                                      50     0   5  0  
 2 Auston Matthews                                   50     0   5  0  

Penalty Kill - 3 Players Defense
   Defense                  Defense                  Time % Phy DF OF 
 1 Adam Fox                 Mark Giordano            55     0   5  0  
 2 Dmitri Orlov             Anthony DeAngelo         45     0   5  0  

4 vs 4 Forward 
   Center                   Wing                     Time % Phy DF OF 
 1 Auston Matthews          Vladimir Tarasenko       55     0   1  4  
 2 J.T. Compher             Pavel Buchnevich         45     0   1  4  

4 vs 4 Defense
   Defense                  Defense                  Time % Phy DF OF 
 1 Adam Fox                 Dmitri Orlov             55     0   2  3  
 2 Mark Giordano            Anthony DeAngelo         45     0   2  3  

Last Minutes Offensive
   Center                   Left Wing                Right Wing               Defense                  Defense                  
   Auston Matthews          Pavel Buchnevich         Valeri Nichushkin        Adam Fox                 Dmitri Orlov             

Last Minutes Defensive
   Center                   Left Wing                Right Wing               Defense                  Defense                  
   Auston Matthews          J.T. Compher             Valeri Nichushkin        Adam Fox                 Dmitri Orlov             

Goaltenders
Starting : Alex Stalock             
Backup : Craig Anderson           

Extra Forwards
Normal : Auston Matthews, Pavel Buchnevich, Vladimir Tarasenko - PP : Pavel Dorofeyev, Parker Kelly - PK : Vladimir Tarasenko
Extra Defensemen
Normal : Anthony DeAngelo, Dmitri Orlov, Mark Giordano - PP : Mark Giordano - PK : Kyle Burroughs, Erik Brannstrom
Penalty Shots
Auston Matthews, Vladimir Tarasenko, Pavel Buchnevich, Valeri Nichushkin, J.T. Compher
Custom OT Lines Forwards
Auston Matthews, Pavel Buchnevich, J.T. Compher, Valeri Nichushkin, Calle Jarnkrok, Vladimir Tarasenko, Derek Ryan, Pavel Dorofeyev, Noah Gregor, Parker Kelly
Custom OT Lines Defensemen
Adam Fox, Mark Giordano, Dmitri Orlov, Anthony DeAngelo, Kyle Burroughs

Scratches
Tyler Bertuzzi (Broken Bone (Right Ankle) Injury), Pavel Francouz (Healthy)

% Time on Ice - ANAHEIM OUTLAWS

Lines # - Real PCT - Wanted PCT - Time Play
Normal Forward
1 - 34% - 36% - 17:24
2 - 29% - 31% - 15:00
3 - 23% - 23% - 11:44
4 - 15% - 10% - 7:45
Normal Defense
1 - 34% - 36% - 17:37
2 - 31% - 31% - 15:52
3 - 31% - 23% - 16:11
4 - 4% - 10% - 2:13
PP Forward
1 - 54% - 55% - 0:55
2 - 46% - 45% - 0:47
PP Defense
1 - 46% - 55% - 0:47
2 - 54% - 45% - 0:55
PK Forward
1 - 61% - 55% - 3:56
2 - 39% - 45% - 2:29
PK Defense
1 - 46% - 55% - 2:56
2 - 54% - 45% - 3:29
PK3 Forward
1 - 0% - 55%
2 - 0% - 45%
PK3 Defense
1 - 0% - 55%
2 - 0% - 45%
44 Forward
1 - 0% - 55%
2 - 0% - 45%
44 Defense
1 - 0% - 55%
2 - 0% - 45%
Last Minute Offensive  - 0:00
Last Minute Defensive  - 0:00
Total
Forward - 60:00
Defense - 60:00

% Time on Ice - KELOWNA ROCKETS

Lines # - Real PCT - Wanted PCT - Time Play
Normal Forward
1 - 31% - 36% - 16:09
2 - 33% - 36% - 17:13
3 - 22% - 28% - 11:35
4 - 13% - 0% - 6:56
Normal Defense
1 - 36% - 37% - 18:53
2 - 35% - 35% - 18:18
3 - 25% - 28% - 12:53
4 - 4% - 0% - 1:49
PP Forward
1 - 52% - 65% - 3:19
2 - 48% - 35% - 3:06
PP Defense
1 - 56% - 65% - 3:34
2 - 44% - 35% - 2:51
PK Forward
1 - 44% - 50% - 0:45
2 - 56% - 50% - 0:57
PK Defense
1 - 11% - 55% - 0:11
2 - 89% - 45% - 1:31
PK3 Forward
1 - 0% - 50%
2 - 0% - 50%
PK3 Defense
1 - 0% - 55%
2 - 0% - 45%
44 Forward
1 - 0% - 55%
2 - 0% - 45%
44 Defense
1 - 0% - 55%
2 - 0% - 45%
Last Minute Offensive  - 0:00
Last Minute Defensive  - 0:00
Total
Forward - 60:00
Defense - 60:00

Play-by-Play

1st period


0:01 of 1st period - Evgeny Kuznetsov wins face-off versus Auston Matthews in neutral zone.
0:18 of 1st period - Michael Rasmussen is hit by Auston Matthews.
1:31 of 1st period - Shot by Vladimir Tarasenko.
1:31 of 1st period - Stopped by Jacob Markstrom without a rebound.
1:32 of 1st period - Derek Ryan wins face-off versus Pius Suter in ANAHEIM OUTLAWS zone.
1:50 of 1st period - Shot by Kyle Burroughs.
1:50 of 1st period - Stopped by Jacob Markstrom without a rebound.
1:51 of 1st period - Noah Gregor wins face-off versus Adrian Kempe in ANAHEIM OUTLAWS zone.
2:22 of 1st period - Shot by Carter Verhaeghe.
2:22 of 1st period - Shot Blocked by Dmitri Orlov.
2:38 of 1st period - Shot by Carter Verhaeghe.
2:38 of 1st period - Deflect By Adrian Kempe.
2:38 of 1st period - Shot Misses the Net.
3:12 of 1st period - Shot by Kent Johnson.
3:12 of 1st period - Stopped by Alex Stalock without a rebound.
3:13 of 1st period - Derek Ryan wins face-off versus Pierre Engvall in KELOWNA ROCKETS zone.
3:38 of 1st period - Shot by Pavel Dorofeyev.
3:38 of 1st period - Stopped by Jacob Markstrom without a rebound.
3:39 of 1st period - J.T. Compher wins face-off versus Michael Rasmussen in ANAHEIM OUTLAWS zone.
3:48 of 1st period - Shot by Vladimir Tarasenko.
3:48 of 1st period - Stopped by Jacob Markstrom without a rebound.
3:49 of 1st period - Auston Matthews wins face-off versus Pius Suter in ANAHEIM OUTLAWS zone.
4:18 of 1st period - Shot by Kent Johnson.
4:18 of 1st period - Goal by Kent Johnson - ANAHEIM OUTLAWS : 1 - KELOWNA ROCKETS : 0.
4:19 of 1st period - J.T. Compher wins face-off versus Michael Rasmussen in neutral zone.
4:29 of 1st period - Shot by Michael Rasmussen.
4:29 of 1st period - Stopped by Alex Stalock without a rebound.
4:30 of 1st period - Derek Ryan wins face-off versus Adrian Kempe in KELOWNA ROCKETS zone.
4:48 of 1st period - Derek Ryan is hit by Henri Jokiharju and loses puck.
5:09 of 1st period - Shot by Carter Verhaeghe.
5:09 of 1st period - Stopped by Alex Stalock without a rebound.
5:10 of 1st period - J.T. Compher wins face-off versus Michael Rasmussen in KELOWNA ROCKETS zone.
5:27 of 1st period - Shot by J.T. Compher.
5:27 of 1st period - Shot Blocked by Morgan Rielly.
5:29 of 1st period - Shot by J.T. Compher.
5:29 of 1st period - Shot Misses the Net.
5:49 of 1st period - Shot by Anthony DeAngelo.
5:49 of 1st period - Stopped by Jacob Markstrom with a rebound.
6:42 of 1st period - Icing by Rasmus Ristolainen.
6:43 of 1st period - Kevin Fiala wins face-off versus Derek Ryan in ANAHEIM OUTLAWS zone.
7:31 of 1st period - Noah Hanifin is hit by Mark Giordano.
8:08 of 1st period - Off-side.
8:09 of 1st period - Auston Matthews wins face-off versus Michael Rasmussen in neutral zone.
8:24 of 1st period - Shot by Jeff Skinner.
8:24 of 1st period - Shot Blocked by Auston Matthews.
8:40 of 1st period - Shot by Auston Matthews.
8:40 of 1st period - Shot Blocked by Morgan Rielly.
8:42 of 1st period - Shot by Valeri Nichushkin.
8:42 of 1st period - Goal by Valeri Nichushkin - ANAHEIM OUTLAWS : 1 - KELOWNA ROCKETS : 1.
8:43 of 1st period - Derek Ryan wins face-off versus Adrian Kempe in neutral zone.
8:43 of 1st period - Erik Brannstrom is hit by Michael Bunting and loses puck.
8:50 of 1st period - Shot by Adrian Kempe.
8:50 of 1st period - Stopped by Alex Stalock with a rebound.
8:52 of 1st period - Shot by Adrian Kempe.
8:52 of 1st period - Shot Misses the Net.
8:54 of 1st period - Shot by Rasmus Ristolainen.
8:54 of 1st period - Stopped by Alex Stalock without a rebound.
8:55 of 1st period - Pius Suter wins face-off versus J.T. Compher in KELOWNA ROCKETS zone.
9:27 of 1st period - Shot by Vladimir Tarasenko.
9:27 of 1st period - Shot Misses the Net.
9:29 of 1st period - Shot by Mark Giordano.
9:29 of 1st period - Goal by Mark Giordano - ANAHEIM OUTLAWS : 1 - KELOWNA ROCKETS : 2.
9:30 of 1st period - Auston Matthews wins face-off versus Adrian Kempe in neutral zone.
9:35 of 1st period - Erik Brannstrom is hit by Michael Bunting and loses puck.
10:58 of 1st period - Jacob Trouba is hit by Parker Kelly and loses puck.
11:17 of 1st period - Michael Rasmussen is hit by Calle Jarnkrok.
11:47 of 1st period - Shot by J.T. Compher.
11:47 of 1st period - Stopped by Jacob Markstrom without a rebound.
11:48 of 1st period - Pius Suter wins face-off versus Auston Matthews in ANAHEIM OUTLAWS zone.
12:11 of 1st period - Shot by Auston Matthews.
12:11 of 1st period - Shot Misses the Net.
12:13 of 1st period - Shot by Kyle Burroughs.
12:13 of 1st period - Shot Misses the Net.
12:20 of 1st period - Icing by Henri Jokiharju.
12:21 of 1st period - Noah Gregor wins face-off versus Jack Quinn in ANAHEIM OUTLAWS zone.
13:20 of 1st period - Shot by Jeff Skinner.
13:20 of 1st period - Deflect By Michael Rasmussen.
13:20 of 1st period - Shot Misses the Net.
13:30 of 1st period - Shot by Jeff Skinner.
13:30 of 1st period - Shot Misses the Net.
13:32 of 1st period - Shot by Michael Rasmussen.
13:32 of 1st period - Shot Blocked by Dmitri Orlov.
13:34 of 1st period - Shot by Rasmus Ristolainen.
13:34 of 1st period - Goal by Rasmus Ristolainen - ANAHEIM OUTLAWS : 2 - KELOWNA ROCKETS : 2.
13:35 of 1st period - J.T. Compher wins face-off versus Kevin Fiala in neutral zone.
14:44 of 1st period - Shot by Carter Verhaeghe.
14:44 of 1st period - Stopped by Alex Stalock without a rebound.
14:45 of 1st period - Auston Matthews wins face-off versus Michael Rasmussen in KELOWNA ROCKETS zone.
14:54 of 1st period - Shot by Michael Rasmussen.
14:54 of 1st period - Deflect By Jeff Skinner.
14:54 of 1st period - Shot Hit the Post.
15:00 of 1st period - Shot by Evgeny Kuznetsov.
15:00 of 1st period - Shot Misses the Net.
15:25 of 1st period - Off-side.
15:26 of 1st period - Adrian Kempe wins face-off versus Pavel Dorofeyev in neutral zone.
15:56 of 1st period - Minor Penalty to Noah Hanifin for Hooking.
15:57 of 1st period - Kent Johnson wins face-off versus Auston Matthews in ANAHEIM OUTLAWS zone.
16:29 of 1st period - Shot by Anthony DeAngelo.
16:29 of 1st period - Stopped by Jacob Markstrom without a rebound.
16:30 of 1st period - Jeff Skinner wins face-off versus J.T. Compher in ANAHEIM OUTLAWS zone.
16:44 of 1st period - Shot by Adam Fox.
16:44 of 1st period - Stopped by Jacob Markstrom without a rebound.
16:45 of 1st period - Auston Matthews wins face-off versus Kent Johnson in ANAHEIM OUTLAWS zone.
16:48 of 1st period - Shot by Vladimir Tarasenko.
16:48 of 1st period - Stopped by Jacob Markstrom without a rebound.
16:49 of 1st period - Auston Matthews wins face-off versus Kent Johnson in ANAHEIM OUTLAWS zone.
16:50 of 1st period - Shot by Adam Fox.
16:50 of 1st period - Shot Misses the Net.
17:08 of 1st period - Shot by Dmitri Orlov.
17:08 of 1st period - Shot Misses the Net.
17:10 of 1st period - Shot by Adam Fox.
17:10 of 1st period - Stopped by Jacob Markstrom without a rebound.
17:11 of 1st period - Jeff Skinner wins face-off versus Valeri Nichushkin in ANAHEIM OUTLAWS zone.
17:51 of 1st period - Shot by Valeri Nichushkin.
17:51 of 1st period - Shot Blocked by Henri Jokiharju.
17:55 of 1st period - Shot by Anthony DeAngelo.
17:55 of 1st period - Shot Hit the Post.
17:57 of 1st period - Shot by Derek Ryan.
17:57 of 1st period - Shot Misses the Net.
17:59 of 1st period - Shot by Adam Fox.
17:59 of 1st period - Shot Blocked by Adrian Kempe.
18:07 of 1st period - Shot by Dmitri Orlov.
18:07 of 1st period - Stopped by Jacob Markstrom without a rebound.
18:08 of 1st period - Noah Gregor wins face-off versus Kevin Fiala in ANAHEIM OUTLAWS zone.
19:28 of 1st period - Auston Matthews is hit by Michael Bunting and loses puck.
Goals for this period are 2 for ANAHEIM OUTLAWS vs 2 for KELOWNA ROCKETS.
Shots for this period are 8 for ANAHEIM OUTLAWS vs 13 for KELOWNA ROCKETS.

2nd period


0:01 of 2nd period - J.T. Compher wins face-off versus Michael Rasmussen in neutral zone.
0:33 of 2nd period - Shot by Michael Rasmussen.
0:33 of 2nd period - Shot Misses the Net.
1:03 of 2nd period - Kent Johnson is hit by Anthony DeAngelo and loses puck.
1:33 of 2nd period - Jacob Trouba is hit by Parker Kelly and loses puck.
1:59 of 2nd period - Derek Ryan is hit by Rasmus Ristolainen and loses puck.
2:21 of 2nd period - Icing by Erik Brannstrom.
2:22 of 2nd period - Michael Rasmussen wins face-off versus Auston Matthews in KELOWNA ROCKETS zone.
2:42 of 2nd period - Icing by Michael Rasmussen.
2:43 of 2nd period - Michael Rasmussen wins face-off versus Noah Gregor in ANAHEIM OUTLAWS zone.
3:11 of 2nd period - Shot by Evgeny Kuznetsov.
3:11 of 2nd period - Stopped by Alex Stalock without a rebound.
3:12 of 2nd period - J.T. Compher wins face-off versus Adrian Kempe in KELOWNA ROCKETS zone.
3:21 of 2nd period - Shot by Carter Verhaeghe.
3:21 of 2nd period - Shot Misses the Net.
3:23 of 2nd period - Shot by Jacob Trouba.
3:23 of 2nd period - Shot Misses the Net.
3:25 of 2nd period - Shot by Adrian Kempe.
3:25 of 2nd period - Goal by Adrian Kempe - ANAHEIM OUTLAWS : 3 - KELOWNA ROCKETS : 2.
3:26 of 2nd period - Auston Matthews wins face-off versus Pius Suter in neutral zone.
3:37 of 2nd period - Kent Johnson is hit by Erik Brannstrom and loses puck.
3:40 of 2nd period - Shot by Pius Suter.
3:40 of 2nd period - Stopped by Alex Stalock without a rebound.
3:41 of 2nd period - Michael Rasmussen wins face-off versus J.T. Compher in KELOWNA ROCKETS zone.
4:19 of 2nd period - Shot by Michael Rasmussen.
4:19 of 2nd period - Shot Misses the Net.
5:29 of 2nd period - Off-side.
5:30 of 2nd period - Pius Suter wins face-off versus Parker Kelly in neutral zone.
5:48 of 2nd period - Shot by Jack Quinn.
5:48 of 2nd period - Shot Misses the Net.
6:26 of 2nd period - J.T. Compher is hit by Rasmus Ristolainen.
6:28 of 2nd period - Shot by Vladimir Tarasenko.
6:28 of 2nd period - Shot Misses the Net.
6:30 of 2nd period - Shot by J.T. Compher.
6:30 of 2nd period - Deflect By Calle Jarnkrok.
6:30 of 2nd period - Stopped by Jacob Markstrom without a rebound.
6:31 of 2nd period - Auston Matthews wins face-off versus Jeff Skinner in ANAHEIM OUTLAWS zone.
6:44 of 2nd period - Shot by Valeri Nichushkin.
6:44 of 2nd period - Stopped by Jacob Markstrom without a rebound.
6:45 of 2nd period - J.T. Compher wins face-off versus Adrian Kempe in ANAHEIM OUTLAWS zone.
7:28 of 2nd period - Off-side.
7:29 of 2nd period - Michael Rasmussen wins face-off versus Auston Matthews in neutral zone.
8:03 of 2nd period - Icing by Adam Fox.
8:04 of 2nd period - Pius Suter wins face-off versus Auston Matthews in KELOWNA ROCKETS zone.
8:17 of 2nd period - Shot by Jack Quinn.
8:17 of 2nd period - Shot Blocked by Dmitri Orlov.
8:19 of 2nd period - Shot by Kent Johnson.
8:19 of 2nd period - Shot Blocked by Dmitri Orlov.
8:51 of 2nd period - Icing by Adam Fox.
8:52 of 2nd period - Michael Rasmussen wins face-off versus Auston Matthews in KELOWNA ROCKETS zone.
9:03 of 2nd period - Shot by Evgeny Kuznetsov.
9:03 of 2nd period - Deflect By Jeff Skinner.
9:03 of 2nd period - Shot Misses the Net.
9:05 of 2nd period - Shot by Jeff Skinner.
9:05 of 2nd period - Shot Misses the Net.
9:07 of 2nd period - Shot by Jacob Trouba.
9:07 of 2nd period - Shot Misses the Net.
9:21 of 2nd period - Shot by Jeff Skinner.
9:21 of 2nd period - Stopped by Alex Stalock without a rebound.
9:22 of 2nd period - Adrian Kempe wins face-off versus Derek Ryan in KELOWNA ROCKETS zone.
9:36 of 2nd period - Minor Penalty to Carter Verhaeghe for Hooking.
9:37 of 2nd period - Calle Jarnkrok wins face-off versus Kent Johnson in ANAHEIM OUTLAWS zone.
10:29 of 2nd period - Auston Matthews is hit by Michael Bunting.
10:58 of 2nd period - Icing by Auston Matthews.
10:59 of 2nd period - Jeff Skinner wins face-off versus Auston Matthews in KELOWNA ROCKETS zone.
11:12 of 2nd period - Shot by Michael Bunting.
11:12 of 2nd period - Shot Misses the Net.
11:48 of 2nd period - Shot by Pierre Engvall.
11:48 of 2nd period - Deflect By Kevin Fiala.
11:48 of 2nd period - Shot Misses the Net.
11:54 of 2nd period - Shot by David Gustafsson.
11:54 of 2nd period - Shot Blocked by Mark Giordano.
12:14 of 2nd period - Shot by Kevin Fiala.
12:14 of 2nd period - Stopped by Alex Stalock without a rebound.
12:15 of 2nd period - Derek Ryan wins face-off versus Michael Rasmussen in KELOWNA ROCKETS zone.
12:17 of 2nd period - Icing by Parker Kelly.
12:18 of 2nd period - Michael Rasmussen wins face-off versus Derek Ryan in KELOWNA ROCKETS zone.
12:44 of 2nd period - Off-side.
12:45 of 2nd period - Carter Verhaeghe wins face-off versus Vladimir Tarasenko in neutral zone.
14:12 of 2nd period - Jeff Skinner is hit by Erik Brannstrom and loses puck.
14:42 of 2nd period - Jack Quinn is hit by Kyle Burroughs and loses puck.
14:48 of 2nd period - Kent Johnson is hit by Kyle Burroughs and loses puck.
16:16 of 2nd period - Shot by J.T. Compher.
16:16 of 2nd period - Stopped by Jacob Markstrom without a rebound.
16:17 of 2nd period - Michael Rasmussen wins face-off versus Noah Gregor in ANAHEIM OUTLAWS zone.
16:38 of 2nd period - Shot by Evgeny Kuznetsov.
16:38 of 2nd period - Deflect By Jeff Skinner.
16:38 of 2nd period - Stopped by Alex Stalock without a rebound.
16:39 of 2nd period - J.T. Compher wins face-off versus Adrian Kempe in KELOWNA ROCKETS zone.
16:39 of 2nd period - Vladimir Tarasenko is hit by Adrian Kempe and loses puck.
17:08 of 2nd period - Minor Penalty to Rasmus Ristolainen for Hooking.
17:09 of 2nd period - Auston Matthews wins face-off versus Kent Johnson in ANAHEIM OUTLAWS zone.
17:10 of 2nd period - Shot by Adam Fox.
17:10 of 2nd period - Shot Blocked by Jacob Trouba.
17:12 of 2nd period - Shot by Auston Matthews.
17:12 of 2nd period - Shot Blocked by Morgan Rielly.
17:14 of 2nd period - Shot by Dmitri Orlov.
17:14 of 2nd period - Stopped by Jacob Markstrom with a rebound.
17:16 of 2nd period - Shot by Auston Matthews.
17:16 of 2nd period - Stopped by Jacob Markstrom with a rebound.
17:30 of 2nd period - Shot by Auston Matthews.
17:30 of 2nd period - Stopped by Jacob Markstrom without a rebound.
17:31 of 2nd period - J.T. Compher wins face-off versus Jeff Skinner in ANAHEIM OUTLAWS zone.
17:32 of 2nd period - Shot by Valeri Nichushkin.
17:32 of 2nd period - Stopped by Jacob Markstrom without a rebound.
17:33 of 2nd period - Kent Johnson wins face-off versus Valeri Nichushkin in ANAHEIM OUTLAWS zone.
18:16 of 2nd period - Shot by Adam Fox.
18:16 of 2nd period - Shot Misses the Net.
18:42 of 2nd period - Shot by Jeff Skinner.
18:42 of 2nd period - Stopped by Alex Stalock with a rebound.
19:07 of 2nd period - Shot by Pavel Buchnevich.
19:07 of 2nd period - Stopped by Jacob Markstrom without a rebound.
19:08 of 2nd period - Derek Ryan wins face-off versus Kevin Fiala in ANAHEIM OUTLAWS zone.
19:24 of 2nd period - Pavel Dorofeyev is hit by Ian Mitchell.
19:32 of 2nd period - Shot by Derek Ryan.
19:32 of 2nd period - Shot Misses the Net.
19:42 of 2nd period - Shot by Pavel Dorofeyev.
19:42 of 2nd period - Stopped by Jacob Markstrom without a rebound.
19:43 of 2nd period - Michael Rasmussen wins face-off versus Auston Matthews in ANAHEIM OUTLAWS zone.
Goals for this period are 1 for ANAHEIM OUTLAWS vs 0 for KELOWNA ROCKETS.
Shots for this period are 7 for ANAHEIM OUTLAWS vs 9 for KELOWNA ROCKETS.

3rd period


0:01 of 3rd period - J.T. Compher wins face-off versus Michael Rasmussen in neutral zone.
0:46 of 3rd period - Shot by J.T. Compher.
0:46 of 3rd period - Shot Misses the Net.
0:52 of 3rd period - Dmitri Orlov is hit by Jeff Skinner and loses puck.
2:04 of 3rd period - Off-side.
2:05 of 3rd period - Derek Ryan wins face-off versus Kevin Fiala in neutral zone.
2:41 of 3rd period - Icing by Mark Giordano.
2:42 of 3rd period - Derek Ryan wins face-off versus Michael Rasmussen in KELOWNA ROCKETS zone.
2:47 of 3rd period - Shot by Anthony DeAngelo.
2:47 of 3rd period - Stopped by Jacob Markstrom without a rebound.
2:48 of 3rd period - Michael Rasmussen wins face-off versus Auston Matthews in ANAHEIM OUTLAWS zone.
3:06 of 3rd period - Shot by Pavel Buchnevich.
3:06 of 3rd period - Shot Misses the Net.
3:12 of 3rd period - Shot by Auston Matthews.
3:12 of 3rd period - Stopped by Jacob Markstrom without a rebound.
3:13 of 3rd period - Lukas Sedlak wins face-off versus Adrian Kempe in ANAHEIM OUTLAWS zone.
3:50 of 3rd period - Anthony DeAngelo is hit by Michael Bunting.
4:00 of 3rd period - Shot by Adrian Kempe.
4:00 of 3rd period - Shot Misses the Net.
4:29 of 3rd period - Shot by Michael Rasmussen.
4:29 of 3rd period - Shot Misses the Net.
5:07 of 3rd period - Shot by Valeri Nichushkin.
5:07 of 3rd period - Shot Misses the Net.
6:09 of 3rd period - Shot by Kyle Burroughs.
6:09 of 3rd period - Shot Misses the Net.
6:19 of 3rd period - Shot by Pavel Dorofeyev.
6:19 of 3rd period - Shot Blocked by Rasmus Ristolainen.
6:45 of 3rd period - Ian Mitchell is hit by Calle Jarnkrok and loses puck.
7:05 of 3rd period - Icing by Rasmus Ristolainen.
7:06 of 3rd period - Auston Matthews wins face-off versus Pius Suter in ANAHEIM OUTLAWS zone.
7:31 of 3rd period - Shot by Pavel Buchnevich.
7:31 of 3rd period - Goal by Pavel Buchnevich - ANAHEIM OUTLAWS : 3 - KELOWNA ROCKETS : 3.
7:32 of 3rd period - Michael Rasmussen wins face-off versus Derek Ryan in neutral zone.
7:35 of 3rd period - Shot by Jeff Skinner.
7:35 of 3rd period - Shot Blocked by Kyle Burroughs.
7:55 of 3rd period - Shot by Evgeny Kuznetsov.
7:55 of 3rd period - Shot Blocked by Kyle Burroughs.
8:07 of 3rd period - Shot by Evgeny Kuznetsov.
8:07 of 3rd period - Stopped by Alex Stalock without a rebound.
8:08 of 3rd period - Calle Jarnkrok wins face-off versus Adrian Kempe in KELOWNA ROCKETS zone.
8:13 of 3rd period - Shot by J.T. Compher.
8:13 of 3rd period - Stopped by Jacob Markstrom without a rebound.
8:14 of 3rd period - J.T. Compher wins face-off versus Adrian Kempe in ANAHEIM OUTLAWS zone.
8:21 of 3rd period - Shot by Vladimir Tarasenko.
8:21 of 3rd period - Stopped by Jacob Markstrom without a rebound.
8:22 of 3rd period - J.T. Compher wins face-off versus Adrian Kempe in ANAHEIM OUTLAWS zone.
8:22 of 3rd period - J.T. Compher is hit by Jacob Trouba.
8:23 of 3rd period - Minor Penalty to Jacob Trouba for Tripping.
8:24 of 3rd period - Auston Matthews wins face-off versus Jeff Skinner in ANAHEIM OUTLAWS zone.
8:29 of 3rd period - Shot by Pavel Buchnevich.
8:29 of 3rd period - Deflect By Auston Matthews.
8:29 of 3rd period - Shot Misses the Net.
8:49 of 3rd period - Shot by Auston Matthews.
8:49 of 3rd period - Shot Misses the Net.
8:51 of 3rd period - Shot by Adam Fox.
8:51 of 3rd period - Goal by Adam Fox - ANAHEIM OUTLAWS : 3 - KELOWNA ROCKETS : 4.
8:52 of 3rd period - Kevin Fiala wins face-off versus Derek Ryan in neutral zone.
9:07 of 3rd period - Icing by Kevin Fiala.
9:08 of 3rd period - J.T. Compher wins face-off versus Kevin Fiala in ANAHEIM OUTLAWS zone.
10:07 of 3rd period - Shot by Valeri Nichushkin.
10:07 of 3rd period - Stopped by Jacob Markstrom with a rebound.
10:09 of 3rd period - Shot by Valeri Nichushkin.
10:09 of 3rd period - Shot Blocked by Henri Jokiharju.
10:11 of 3rd period - Shot by Valeri Nichushkin.
10:11 of 3rd period - Shot Blocked by Henri Jokiharju.
10:13 of 3rd period - Shot by Pavel Buchnevich.
10:13 of 3rd period - Stopped by Jacob Markstrom without a rebound.
10:14 of 3rd period - Evgeny Kuznetsov wins face-off versus Derek Ryan in ANAHEIM OUTLAWS zone.
10:29 of 3rd period - Shot by Parker Kelly.
10:29 of 3rd period - Stopped by Jacob Markstrom with a rebound.
11:17 of 3rd period - Kyle Burroughs is hit by Michael Bunting and loses puck.
12:10 of 3rd period - Auston Matthews is hit by Ian Mitchell and loses puck.
12:37 of 3rd period - Shot by J.T. Compher.
12:37 of 3rd period - Stopped by Jacob Markstrom with a rebound.
12:49 of 3rd period - Shot by J.T. Compher.
12:49 of 3rd period - Stopped by Jacob Markstrom without a rebound.
12:50 of 3rd period - Michael Rasmussen wins face-off versus Noah Gregor in ANAHEIM OUTLAWS zone.
13:04 of 3rd period - Shot by Jeff Skinner.
13:04 of 3rd period - Stopped by Alex Stalock without a rebound.
13:05 of 3rd period - J.T. Compher wins face-off versus Jack Quinn in KELOWNA ROCKETS zone.
13:28 of 3rd period - Anthony DeAngelo is hit by Pius Suter.
13:34 of 3rd period - Shot by J.T. Compher.
13:34 of 3rd period - Shot Blocked by Pius Suter.
14:14 of 3rd period - Shot by Jeff Skinner.
14:14 of 3rd period - Shot Blocked by Mark Giordano.
14:46 of 3rd period - Icing by Anthony DeAngelo.
14:47 of 3rd period - J.T. Compher wins face-off versus Kevin Fiala in KELOWNA ROCKETS zone.
15:33 of 3rd period - Jacob Trouba is hit by J.T. Compher and loses puck.
16:03 of 3rd period - Shot by Pius Suter.
16:03 of 3rd period - Deflect By Jack Quinn.
16:03 of 3rd period - Shot Misses the Net.
16:21 of 3rd period - Shot by Adrian Kempe.
16:21 of 3rd period - Shot Misses the Net.
16:23 of 3rd period - Shot by Ian Mitchell.
16:23 of 3rd period - Stopped by Alex Stalock with a rebound.
16:25 of 3rd period - Shot by Carter Verhaeghe.
16:25 of 3rd period - Shot Blocked by Adam Fox.
16:27 of 3rd period - Shot by Michael Bunting.
16:27 of 3rd period - Stopped by Alex Stalock without a rebound.
16:28 of 3rd period - Derek Ryan wins face-off versus Michael Rasmussen in KELOWNA ROCKETS zone.
16:35 of 3rd period - Michael Rasmussen is hit by Parker Kelly and loses puck.
16:52 of 3rd period - Shot by Evgeny Kuznetsov.
16:52 of 3rd period - Shot Misses the Net.
16:54 of 3rd period - Shot by Henri Jokiharju.
16:54 of 3rd period - Shot Misses the Net.
16:58 of 3rd period - Shot by Jeff Skinner.
16:58 of 3rd period - Stopped by Alex Stalock without a rebound.
16:59 of 3rd period - Auston Matthews wins face-off versus Adrian Kempe in KELOWNA ROCKETS zone.
17:38 of 3rd period - Adrian Kempe is hit by Pavel Buchnevich.
18:17 of 3rd period - Minor Penalty to Dmitri Orlov for Interference.
18:18 of 3rd period - J.T. Compher wins face-off versus Kevin Fiala in KELOWNA ROCKETS zone.
18:24 of 3rd period - Icing by Jeff Skinner.
18:25 of 3rd period - J.T. Compher wins face-off versus Kevin Fiala in ANAHEIM OUTLAWS zone.
19:00 of 3rd period - ANAHEIM OUTLAWS, Jacob Markstrom is pulled from the net.
Goals for this period are 0 for ANAHEIM OUTLAWS vs 2 for KELOWNA ROCKETS.
Shots for this period are 5 for ANAHEIM OUTLAWS vs 11 for KELOWNA ROCKETS.


OWEN
TIPPETT
GUSTAV
FORSLING
MATTHEW
BOLDY

EAST COAST

HOCKEY LEAGUE

  • 67.PIT4RHI2
  • 68.ATL5WOR3
  • 69.QUECHW
  • 70.CHATRV